 Dungeon Crawl Stone Soup version 0.30.0-3-ga4e48a9924 (webtiles) character file.

Game seed: 18129336851084570021

377 dialectric the Covert (level 6, -7/32 HPs)
             Began as a Spriggan Delver on May 7, 2023.
             Splashed by a jelly's acid (10 damage)
             ... on level 4 of the Dungeon.
             The game lasted 00:08:14 (3359 turns).

dialectric the Covert (Spriggan Delver)             Turns: 3359, Time: 00:08:15

Health: -7/32      AC: -1    Str:  8    XL:     6   Next: 45%
Magic:  7/7        EV: 18    Int: 12    God:
Gold:   197        SH:  0    Dex: 18    Spells: 5/5 levels left

rFire   . . .        C - +1 dagger (venom)
rCold   + . .        (no shield)
rNeg    . . .        b - +0 robe
rPois   .            (helmet restricted)
rElec   .            l - +0 cloak
rCorr   .            (gloves unavailable)
SInv    +            (boots unavailable)
Will    +....        (no amulet)
Stlth   +++++        w - ring of protection from cold
HPRegen 0.25/turn    (no ring)
MPRegen 0.10/turn

%: no passive effects
@: corroded, very quick
A: very small, no large weapons, unfitting armour, see invisible, speed 3
a: no special abilities


You were on level 4 of the Dungeon.
You visited 1 branch of the dungeon, and saw 5 of its levels.
You also visited: Sewer.

You collected 197 gold pieces.

Inventory:

Hand Weapons
 a - a +0 short sword
 C - a +1 dagger of venom (weapon)
Missiles
 z - 5 silver boomerangs (quivered)
 D - 6 poisoned darts
Armour
 b - a +0 robe (worn)
 l - a +0 cloak (worn)
 y - a +0 buckler
Jewellery
 w - a ring of protection from cold (left hand)
Wands
 g - a wand of digging (1)
 q - a wand of iceblast (4)
 E - a wand of charming (5)
Scrolls
 c - 2 scrolls of fog
 d - 2 scrolls of magic mapping
 e - 2 scrolls of fear
 i - a scroll of poison {unknown}
 j - a scroll of torment {unknown}
 k - a scroll of enchant weapon {unknown}
 m - a scroll of immolation {unknown}
 r - a scroll of teleportation {unknown}
 t - 3 scrolls of identify {unknown}
 u - 2 scrolls of vulnerability {unknown}
 A - a scroll of blinking {unknown}
Potions
 f - a potion of haste
 h - 7 potions of curing {unknown}
 n - 2 potions of might {unknown}
 o - 2 potions of cancellation {unknown}
 p - a potion of attraction {unknown}
 s - a potion of brilliance {unknown}
 v - a potion of ambrosia {unknown}
 x - a potion of resistance {unknown}
 B - a potion of degeneration {unknown}


   Skills:
 - Level 3.0 Fighting
 + Level 3.9 Short Blades
 + Level 0.1 Throwing
 + Level 3.6 Dodging
 + Level 10.8 Stealth
 + Level 0.2 Evocations


You had 5 spell levels left.
You didn't know any spells.
Your spell library contained the following spells:

 Spells                   Type           Power      Damage    Failure   Level
 Vhi's Electric Charge    Tloc/Air       0%         N/A       69%         3
 Arcjolt                  Conj/Air       0%         1d10      100%        5
 Maxwell's Capacitive Co  Air            0%         ∞         100%        8


Dungeon Overview and Level Annotations

Branches:
Dungeon (5/15)              Sewer (visited)
 Temple: D:4-7

Altars:

Shops:
D:3 =


Innate Abilities, Weirdness & Mutations

You are very small and have problems with some larger weapons.
You are too small for most types of armour.
You have supernaturally acute eyesight. (SInv)
You cover ground extremely quickly. (Speed+++)


Message History

Throw: 5 boomerangs (silver)
Press: ? - help, Q - select action, (/) - cycle Shift-Dir - straight line, f/p - adder
Aim: an adder (severely wounded, 44% to hit)
You throw a silver boomerang. The silver boomerang misses the adder.
The adder barely misses you.
You hit the adder.
The adder is poisoned.
The adder is almost dead.
The adder closely misses you.
You hit the adder.
You kill the adder!
The orc closely misses you.
You hit the orc but do no damage.
The orc is poisoned.
The orc hits you with a +0 club.
You hit the orc.
The orc looks as sick as possible!
The orc is moderately wounded.
You kill the orc!
There is a stone staircase leading up here.
The jelly completely misses you.
You climb upwards.
There is a stone staircase leading down here.
Unknown command.
You hit the jelly.
Your hands burn!
The jelly is lightly wounded.
You hit the jelly.
Your hands burn!
The jelly is moderately wounded.
The jelly hits you.
You are splashed with acid!
You hit the jelly.
Your hands burn!
The jelly is heavily wounded.
The jelly barely misses you.
You hit the jelly.
The jelly is poisoned.
Your hands burn!
* * * LOW HITPOINT WARNING * * *
The jelly is heavily wounded.
The jelly completely misses you.
You hit the jelly. The acid corrodes you!
Your hands burn!
* * * LOW HITPOINT WARNING * * *
The jelly is almost dead.
The jelly hits you.
* * * LOW HITPOINT WARNING * * *
The acid corrodes you!
You are splashed with acid!
You die...

...........## ## ........##..##
##.. .....)...##..######....
.........###..........#
..........###.......#
..........# ##.....##
..........## ##....##
...........# #....<#
#..........# #.@...#
#.....>....# ##J...# #
#..........# #....# ##
##.........# ##...# #.
#.........######..#############.
##..............................
#........######................
#.......## ###.................
.###)...###
##...................


You could see a jelly (poisoned).

Vanquished Creatures
  An ogre (D:5)
  2 iguanas (D:4)
  3 orc wizards
  7 adders
  2 worms
  2 dart slugs
  14 orcs
  6 ball pythons
  7 bats
  8 endoplasms
  7 giant cockroaches
  2 hobgoblins
  6 quokkas
  4 frilled lizards
  6 goblins
  4 kobolds
  6 rats
87 creatures vanquished.

Notes
Turn   | Place    | Note
-------+----------+-------------------------------------------
     0 | D:5      | dialectric the Spriggan Delver began the quest for the Orb.
     0 | D:5      | Reached XP level 1. HP: 11/11 MP: 2/2
    29 | D:5      | Noticed an ogre
    38 | D:5      | Killed an ogre
    39 | D:5      | Reached skill level 9 in Stealth
    39 | D:5      | Reached XP level 2. HP: 16/16 MP: 3/3
    39 | D:5      | Reached XP level 3. HP: 19/19 MP: 4/4
    39 | D:5      | Reached XP level 4. HP: 23/23 MP: 5/5
    71 | D:5      | Found a glowing drain.
   127 | Sewer    | Entered a sewer
   697 | D:3      | Found Moigg's One-of-a-Kind Rings.
   788 | D:3      | Reached XP level 5. HP: 25/28 MP: 6/6
  1294 | D:1      | Reached skill level 10 in Stealth
  2892 | D:4      | Reached XP level 6. HP: 3/32 MP: 7/7
  3359 | D:4      | Splashed by a jelly's acid

Illustrated notes

Levels and vault maps discovered:
D:1:      wheals_arrival_shading, layout_basic, minmay_misc_feat_plants,
          minivault_11, fountainhead
D:2:      layout_basic
D:3:      layout_loops_cross, nicolae_shop_unique_rings
D:4:      layout_cave_pods
D:5:      layout_basic, grunt_temple_overflow_bloody_war, gup_sewer_entry_pipe

Skill      XL: |  1  2  3  4  5 |
---------------+----------------+-----
Stealth        | 9 10 | 10.8
Dodging        | 3 |  3.6
Short Blades   | 3 |  3.9
Fighting       | 3 |  3.0
Throwing       | |  0.1
Evocations     | |  0.2

Action                     |  1- 3 |  4- 6 || total
---------------------------+-------+-------++-------
  Melee: Short sword       |     2 |   185 ||   187
         Dagger            |       |    43 ||    43
         Punch             |       |     1 ||     1
  Throw: Dart              |       |     6 ||     6
         Boomerang         |       |     6 ||     6
  Evoke: Wand              |       |     4 ||     4
   Stab: Sleeping          |     1 |    30 ||    31
         Distracted        |       |     1 ||     1
 Armour: Robe              |       |    26 ||    26
  Dodge: Dodged            |     1 |   164 ||   165
